Zazza, neutral female human Tourist # --------- # --------- |........# -----#####........| ---------- ##........|# |...| |.......| |........| # |.......|# |...| |.......| #-........| --------- ### ---------# |..@| #........| #|........| |.......| # # |..f|#####|.......| #|........| |.......|### # ---.- ----.---- #---------- |.......|# # # # # #### |...<...-# # ### # # --------- # # ### # ---- # ### # # |..| # --------|----- #----- # |..| ### |..........>.| #|_.>| # ---- # |.............#####|....#### # # # ##.............| |...| # ---.-----# -------------- |...| ###|.......-# ----- #-.......| # --------- # Zazza the Rambler Experience level: 1 Strength: 11 Dexterity: 13 Constitution: 14 Intelligence: 12 Wisdom: 7 Charisma: 18 Health: 0(10) Energy: 2(2) Def: 3 Gold: 653 Moves: 1353 Dungeon seed: rasoVJMIpFILzdPD Game ID: Zazza_1598795802 Your Inventory: Coins $ - 653 gold pieces Weapons a - 39 +2 darts (in quiver) t - a cursed -1 orcish dagger (weapon in hand) Armor e - an uncursed +0 Hawaiian shirt (being worn) q - an uncursed +0 pair of speed boots E - an uncursed +0 pair of gauntlets of dexterity F - a cursed -1 pair of speed boots (being worn) N - an uncursed +0 cloak of protection (being worn) Y - an uncursed +0 pair of kicking boots Comestibles b - an uncursed apple c - 3 uncursed slime molds d - an uncursed tripe ration f - 4 uncursed eggs g - an uncursed banana h - 5 uncursed food rations i - an uncursed clove of garlic j - 2 uncursed fortune cookies A - an uncursed cream pie C - an uncursed lichen corpse Scrolls l - an uncursed scroll of magic mapping m - a blessed scroll of magic mapping B - a blessed scroll of identify Spellbooks u - an uncursed spellbook of create monster H - an uncursed spellbook of wizard lock Potions k - 2 uncursed potions of extra healing r - an uncursed potion of water s - an uncursed potion of blindness v - an uncursed potion of sleeping w - an uncursed potion of restore ability D - an uncursed potion of healing I - a cursed potion of monster detection Rings x - an uncursed ring of slow digestion (on left hand) Tools n - an expensive camera (0:78) o - an uncursed credit card p - an uncursed towel z - a magic marker (0:32) J - an uncursed tin opener Spells and supernatural/magical abilities: Name Level Category Fail Memory w - wizard lock 2 matter 100% 100% W - pray for help -- divine ? -- Your skills at the end: Fighting Skills Weapon Skills dart [Basic] Spellcasting Skills Final Attributes: You were nominally aligned. You had slower digestion. You were protected. You were very fast. You are dead. Vanquished creatures: a large kobold a yellow mold a red mold 3 jackals a fox 2 kobolds 2 goblins a sewer rat 3 grid bugs a lichen 2 newts 18 creatures vanquished. Voluntary challenges: You went without food. You used a wielded weapon 5 times, starting on turn 638. You read items or engraved 6 times, starting on turn 542. You never genocided any monsters. You never polymorphed an object. You never changed form. You used no wishes. You never split a pudding. You never wrote Elbereth's name. You never violated your personal moral code. Dungeon overview: The Dungeons of Doom: levels 1 to 4 Level 1 a long staircase Level 2 Level 3 an armor shop, a fountain Level 4 <- You were here a general store, an altar to Blind Io a long staircase History has recorded: On T:1 you entered the Dungeons of Doom to retrieve the Amulet of Yendor! On T:529 you reached level 2 of The Dungeons of Doom. On T:722 you reached level 3 of The Dungeons of Doom. On T:1249 you reached level 4 of The Dungeons of Doom. Score breakdown: Gold: 400 ( 8854 points) Experience: 1 level ( 0 points) Exploration: 4 levels ( 7.84%) ( 7348 points) Discoveries: 3 items ( 1.01%) ( 3010 points) Valuables value: (no points given unless you survive) Artifact value: 0 ( 0 points) Variety of kills: 11 monsters ( 2.89%) ( 5097 points) Turncount: 1353 turns ( 0 points) Survival: died (score multiplied by 80%) Total score: 19447 Latest messages: Armand drops 25 gold pieces. You add the "wizard lock" spell to your repertoire. $ - 25 gold pieces. You displace Armand. You hear the footsteps of a guard on patrol. You stop. Armand is in the way! The door resists! The door opens. KABOOM!! The door was booby-trapped! You stagger... You feel a bit steadier now. I - a cyan potion. You see here a tin opener. J - a tin opener. $ - 146 gold pieces. You displace Armand. The door resists! The door opens. You see here a fortune cookie. j - an uncursed fortune cookie. Armand is hit by a rock! You displace Armand. You see here a rock. A trap door in the ceiling opens and a rock falls on your head! You die... Final status: Aloha Zazza the Tourist, killed by a falling rock... You died in The Dungeons of Doom on dungeon level 4 with 19447 points, and 653 pieces of gold, after 1353 moves. You were level 1 with a maximum of 10 hit points when you died.